 Dungeon Crawl Stone Soup version 0.30.1-3-gfc49f6343a (webtiles) character file.

Game seed: 17446352185026809874

97 spardeous the Digger (level 4, -2/33 HPs)
             Began as a Demigod Earth Elementalist on July 21, 2023.
             Slain by a gnoll
             ... wielding a +0 flail
              (10 damage)
             ... on level 2 of the Dungeon.
             The game lasted 00:04:13 (2201 turns).

spardeous the Digger (Demigod Earth Elementalist)   Turns: 2201, Time: 00:04:14

Health: -2/33      AC:  5    Str:  9    XL:     4   Next: 19%
Magic:  7/9        EV: 11    Int: 21    God:
Gold:   42         SH:  0    Dex: 14    Spells: 5/6 levels left

rFire   . . .        (no weapon)
rCold   + . .        (no shield)
rNeg    . . .        g - +0 leather armour
rPois   .            (no helmet)
rElec   .            (no cloak)
rCorr   .            p - +0 pair of gloves
SInv    .            o - +0 pair of boots
Will    +....        (no amulet)
Stlth   ++           i - ring of willpower
HPRegen 0.25/turn    q - ring of protection from cold
MPRegen 0.11/turn

%: no passive effects
@: no status effects
A: high MP 1, forlorn, divine attributes
a: no special abilities


You were on level 2 of the Dungeon.
You visited 1 branch of the dungeon, and saw 2 of its levels.

You collected 42 gold pieces.

Inventory:

Armour
 a - a +0 robe
 g - a +0 leather armour (worn)
 o - a +0 pair of boots (worn)
 p - a +0 pair of gloves (worn)
Jewellery
 i - a ring of willpower (left hand)
 q - a ring of protection from cold (right hand)
 r - a ring of protection from fire
Scrolls
 c - a scroll of vulnerability {unknown}
 d - 2 scrolls of poison {unknown}
 e - a scroll of enchant armour {unknown}
 j - a scroll of teleportation {unknown}
 k - a scroll of magic mapping {unknown}
 l - a scroll of fear {unknown}
 m - 3 scrolls of identify {unknown}
 n - a scroll of enchant weapon {unknown}
Potions
 b - a potion of magic
 f - a potion of degeneration {unknown}
 h - a potion of mutation {unknown}


   Skills:
 - Level 1.7 Dodging
 - Level 1.7 Stealth
 - Level 1.7 Spellcasting
 - Level 0.8 Transmutations
 + Level 4.8 Earth Magic


You had 5 spell levels left.
You knew the following spells:

 Your Spells              Type           Power      Damage    Failure   Level
a - Sandblast             Erth           44%        2d11      3%          1

Your spell library contained the following spells:

 Spells                   Type           Power      Damage    Failure   Level
 Passwall                 Tmut/Erth      10%        N/A       10%         2
 Wereblood                Tmut           5%         N/A       22%         2
 Stone Arrow              Conj/Erth      24%        3d8       24%         3
 Sublimation of Blood     Necr           1%         N/A       32%         2
 Inner Flame              Hex/Fire       1%         N/A       54%         3
 Petrify                  Tmut/Erth      13%        N/A       54%         4
 Flame Wave               Conj/Fire      1%         2d4       91%         4
 Sticky Flame             Conj/Fire      1%         2d3       91%         4
 Summon Hydra             Summ           0%         N/A       100%        7


Dungeon Overview and Level Annotations

Branches:
Dungeon (2/15)


Innate Abilities, Weirdness & Mutations

You have an increased reservoir of magic. (+10% MP)
You shall have no god before yourself.
Your divine heritage dramatically boosts your attributes as you level up.


Message History

Unknown command.
Casting: Sandblast (safe; 3% risk of failure)
Confirm with . or Enter, or press ? or * to list all spells.
You can't see any susceptible monsters within range! (Use Z to cast anyway.) Unknown command.
Casting: Sandblast (safe; 3% risk of failure)
Confirm with . or Enter, or press ? or * to list all spells.
You can't see any susceptible monsters within range! (Use Z to cast anyway.) Unknown command.
Casting: Sandblast (safe; 3% risk of failure)
Confirm with . or Enter, or press ? or * to list all spells.
You can't see any susceptible monsters within range! (Use Z to cast anyway.) Unknown command.
The gnoll shoots a sling bullet.
The sling bullet hits you.
Casting: Sandblast (safe; 3% risk of failure)
Confirm with . or Enter, or press ? or * to list all spells.
Aiming: Sandblast (safe; 3% risk of failure)
Press: ? - help, Shift-Dir - straight line, f - gnoll
Aim: a gnoll, wielding a +0 sling and wearing a +0 chain mail (90% to hit)
The blast of sand hits the gnoll but does no damage.
The gnoll shoots a sling bullet.
The sling bullet hits you.
The gnoll shoots a sling bullet.
The sling bullet hits you.
Casting: Sandblast (safe; 3% risk of failure)
Confirm with . or Enter, or press ? or * to list all spells.
Aiming: Sandblast (safe; 3% risk of failure)
Press: ? - help, Shift-Dir - straight line, f/p - gnoll
Aim: a gnoll, wielding a +0 sling and wearing a +0 chain mail (90% to hit)
The blast of sand hits the gnoll!
The gnoll is severely wounded.
You climb upwards.
There is a stone staircase leading down here.
Casting: Sandblast (safe; 3% risk of failure)
Confirm with . or Enter, or press ? or * to list all spells.
You can't see any susceptible monsters within range! (Use Z to cast anyway.) Unknown command.
You climb downwards.
The gnoll hits you with a +0 flail!
* * * LOW HITPOINT WARNING * * *
The gnoll unwields a +0 sling.
The gnoll wields a +0 flail.
The gnoll hits you with a +0 flail!
You die...

.#.####.#..........# #..#
##### .#.#
#.####.###..#####..# ##.#
#.)........#.......#
#.#########....###.###..#
##....## #..##.#.####..#
.......#####..##.........#
#
..............#########.##
# .#.....########### #.# #
)##...########.g@## #.#
.####.....(##..g..# #.#
...# .######...........#
#.# ....
........##.##...>.# #.#
...# ..########.###...##
#.# ..# #...##.# ##.## #
..# #.#..g.# #.# # # .g#
#...#### #.# #. . ..#
##g## #.# #.#####


You could see 2 gnolls.

Vanquished Creatures
  2 gnolls (D:2)
  3 adders (D:2)
  4 worms
  A dart slug (D:1)
  4 ball pythons
  4 endoplasms
  A giant cockroach (D:2)
  2 goblins (D:1)
  2 hobgoblins (D:1)
  2 jackals (D:1)
  3 quokkas (D:1)
  3 bats (D:1)
  6 frilled lizards (D:1)
  A kobold (D:2)
  4 rats
42 creatures vanquished.

Notes
Turn   | Place    | Note
-------+----------+-------------------------------------------
     0 | D:1      | spardeous the Demigod Earth Elementalist began the quest
                  | for the Orb.
     0 | D:1      | Reached XP level 1. HP: 14/14 MP: 5/5
   100 | D:1      | Reached skill level 3 in Earth Magic
   225 | D:1      | Reached XP level 2. HP: 20/20 MP: 4/7
   849 | D:1      | Reached XP level 3. HP: 26/26 MP: 6/8
  1103 | D:2      | Reached skill level 4 in Earth Magic
  1519 | D:2      | Reached XP level 4. HP: 17/33 MP: 3/9
  1676 | D:2      | Identified the +2 dagger of Qekalaul {elec, rElec Dex-2
                  | Stlth+}
  2201 | D:2      | Slain by a gnoll

Illustrated notes

Levels and vault maps discovered:
D:1:      minmay_arrival_open_corners, layout_basic, st_stairs_7,
          chequers_decorated_corner, nicolae_wormholes
D:2:      layout_loops_ring, minmay_misc_feat_alley

Skill      XL: |  1  2  3 |
---------------+----------+-----
Earth Magic    | 3 4 |  4.8
Dodging        | |  1.7
Stealth        | |  1.7
Spellcasting   | |  1.7
Transmutations | |  0.8

Action                     |  1- 3 |  4- 6 || total
---------------------------+-------+-------++-------
  Melee: Unarmed           |     2 |       ||     2
   Cast: Sandblast         |    73 |    42 ||   115
 Armour: Leather armour    |     9 |     6 ||    15
         Robe              |     5 |       ||     5
  Dodge: Dodged            |    23 |    43 ||    66
